 Dungeon Crawl Stone Soup version 0.21-a0-163-g3aa3f5d (webtiles) character file.

8971 Kabaddi the Cleaver (level 11, 0/102 HPs)
             Began as a Minotaur Berserker on Aug 5, 2017.
             Was a High Priest of Trog.
             Slain by a molten gargoyle
             ... wielding a +1 morningstar of protection
              (6 damage)
             ... on level 1 of the Lair of Beasts.
             The game lasted 00:12:30 (11473 turns).

Kabaddi the Cleaver (Minotaur Berserker)           Turns: 11473, Time: 00:12:31

Health: 0/102      AC:  8    Str: 22    XL:     11   Next: 16%
Magic:  10/10      EV: 12    Int:  4    God:    Trog [*****.]
Gold:   171        SH:  0    Dex: 13    Spells: 10/10 levels left

rFire    + . .     SeeInvis .   M - +0 war axe
rCold    . . .     Gourm    .   (no shield)
rNeg     + . .     Faith    .   o - +0 ring mail {rN+}
rPois    .         Spirit   .   (helmet restricted)
rElec    .         Reflect  .   (no cloak)
rCorr    .         Harm     .   R - +0 pair of gloves
MR       ++...                  (no boots)
Stlth    ++........             L - amulet of rage
HPRegen  1.27/turn              h - ring of protection from fire
MPRegen  0.12/turn              Z - ring of stealth

@: berserk cooldown, regenerating, slowed, very slow
A: retaliatory headbutt, horns 2
a: Berserk, Trog's Hand, Brothers in Arms, Burn Spellbooks, Renounce Religion,
Evoke Berserk Rage


You were on level 1 of the Lair of Beasts.
You worshipped Trog.
Trog was extremely pleased with you.
You were not hungry.

You visited 2 branches of the dungeon, and saw 10 of its levels.

You collected 527 gold pieces.
You spent 356 gold pieces at shops.

Inventory:

Hand Weapons
 I - a +0 hand crossbow
 M - a +0 war axe (weapon)
 V - a +3 battleaxe of freezing
 W - the +8 battleaxe "Pomeytra" {flame, *Slow rPois rF+ SInv}
   (You bought it in a shop on level 8 of the Dungeon)

   It has been specially enchanted to burn those struck by it, causing extra
   injury to most foes and up to half again as much damage against particularly
   susceptible opponents.
   Big, fiery blades are also staple armaments of hydra-hunters.
   It protects you from fire.
   It protects you from poison.
   It lets you see invisible.
   It may slow you when you take damage.
 Y - a +3 antimagic executioner's axe
Missiles
 e - 33 sling bullets
 i - 277 stones (quivered)
 x - a throwing net
Armour
 o - a +0 ring mail of positive energy (worn)
 R - a +0 pair of gloves (worn)
Jewellery
 h - a ring of protection from fire (left hand)
 t - a +3 ring of intelligence
 B - an uncursed amulet of magic regeneration
 J - an uncursed ring of protection from fire
 L - an amulet of rage (around neck)
 N - an uncursed ring of protection from fire
 P - a cursed +5 ring of intelligence
 T - an uncursed ring of magical power
 Z - a ring of stealth (right hand)
Wands
 j - a wand of polymorph (11/24)
 O - a wand of acid (8/15)
 Q - a wand of random effects (28/48)
Scrolls
 b - a scroll of enchant weapon
 f - 4 scrolls of teleportation
 g - a scroll of remove curse
 n - 2 scrolls of recharging
 E - a scroll of fog
Potions
 d - 4 potions of curing
 l - a potion of resistance
 m - a potion of brilliance
 q - 2 potions of flight
 r - a potion of berserk rage
 s - 2 potions of invisibility
 u - 3 potions of mutation
 w - 2 potions of cancellation
 G - a potion of agility
 U - 2 potions of lignification
 X - a potion of haste {unknown}
Miscellaneous
 a - a lamp of fire
Comestibles
 c - a bread ration
 v - 9 fruits
 A - 6 meat rations
 H - 3 royal jellies


   Skills:
 + Level 11.0 Fighting
 * Level 14.5 Axes
 + Level 10.6 Armour
 - Level 2.1 Dodging


You had 10 spell levels left.
You didn't know any spells.

Dungeon Overview and Level Annotations

Branches:
Dungeon (9/15)             Temple (0/1) D:5            Lair (1/6) D:9
    Orc (0/2) D:9

Altars:
Cheibriados
Gozag
Makhleb
Nemelex Xobeh
Ru
Uskayaw
Vehumet
Xom

Shops:
D:8 (

Annotations:
D:7 2 transporters


Innate Abilities, Weirdness & Mutations

You reflexively headbutt those who attack you in melee.
You have a pair of horns on your head.


Message History

As you read the scroll of fear, it crumbles to dust.
You assume a fearsome visage.
The yak looks frightened! x2
The molten gargoyle is unaffected.
Your deep troll bites the molten gargoyle but does no damage.
Your deep troll claws the molten gargoyle but does no damage. x2
The molten gargoyle completely misses you.
Your deep troll closely misses the molten gargoyle. x2
Your deep troll claws the molten gargoyle.
Unknown command.
Okay, then.
Your skin crawls.
You feel resistant to hostile enchantments.
You feel somewhat more hungry.
Your deep troll bites the molten gargoyle.
Your deep troll claws the molten gargoyle.
Your deep troll closely misses the molten gargoyle.
The molten gargoyle hits you with a morningstar of protection!
* * * LOW HITPOINT WARNING * * *
You are engulfed in flames.
You resist.
You die...

*** ########## **###*,****
##........### *##....,,,,,**
#.........#.####.§.§≈≈≈≈≈≈,,*
##..........Y†...#,≈≈*≈*≈≈,**
##.........Y.†@9.#,≈≈***≈≈,****
#........P#.####T#,≈****≈≈,,**,
##.......####***,.§≈*≈**≈≈,,,,*
#.......# *,,,,,.≈§≈≈≈≈≈,,,,*
##.......# *,,*,,,≈§§≈≈≈≈,**,,
###....♣.♣.#***,*,,,,,§§,,,,,**,*
.....≈≈≈...♣,,,,,,,**,*#*********
...≈≈.≈≈..≈.,*,,,,,,*,,*
...≈≈.≈≈..≈.,≈*,,,,,,,**


You could see 2 yaks, a molten gargoyle and a friendly deep troll (berserk).

Vanquished Creatures
  2 two-headed ogres
  Psyche (D:8)
  A spiny frog (Lair:1)
  2 trolls (D:9)
  Prince Ribbit (D:6)
  A hippogriff (Lair:1)
  Eustachio (D:5)
  A hungry ghost (D:7)
  9 yaks (Lair:1)
  2 hell hounds (D:9)
  2 porcupines (Lair:1)
  A sky beast (D:8)
  3 orc warriors
  4 ogres
  4 phantoms
  3 wolves (Lair:1)
  5 centaurs
  2 crocodiles (Lair:1)
  Blork the orc (D:6)
  3 bullfrogs
  5 scorpions
  4 wights (D:8)
  A vampire bat (D:4)
  A bullfrog zombie (D:8)
  2 howler monkeys
  3 crimson imps
  A hound (D:7)
  3 jellies
  10 orc wizards
  3 orc priests
  A centaur skeleton (D:5)
  Natasha (twice) (D:3)
  6 iguanas
  2 worker ants
  2 hound zombies (D:5)
  The ghost of p0werm0de the Vexing, a weakling DsEn (D:3)
  6 gnolls
  8 adders
  A shadow imp (D:7)
  2 oozes
  2 adder skeletons
  4 worms
  A dart slug (D:2)
  3 fire bats (D:4)
  4 leopard geckos
  37 orcs
  2 spectral bats (D:4)
  3 bat skeletons (D:4)
  A bat zombie (D:4)
  8 giant cockroaches
  9 goblins
  10 hobgoblins
  17 jackals
  5 quokkas
  2 ball pythons
  16 bats
  A bat simulacrum (D:4)
  4 frilled lizards
  2 jackal skeletons
  8 kobolds
  A quokka skeleton (D:4)
  5 rats
  A fungus (Lair:1)
  A plant (Lair:1)
260 creatures vanquished.

Vanquished Creatures (collateral kills)
  A hydra (Lair:1)
  An electric eel (Lair:1)
2 creatures vanquished.

Vanquished Creatures (others)
  4 toadstools (D:1)
4 creatures vanquished.

Grand Total: 266 creatures vanquished

Notes
Turn   | Place    | Note
-------+----------+-------------------------------------------
     0 | D:1      | Kabaddi the Minotaur Berserker began the quest for the Orb.
     0 | D:1      | Reached XP level 1. HP: 19/19 MP: 0/0
    21 | D:1      | Reached skill level 4 in Axes
    21 | D:1      | Reached XP level 2. HP: 21/27 MP: 1/1
   377 | D:1      | Reached XP level 3. HP: 19/33 MP: 2/2
  1299 | D:2      | Reached ** piety under Trog
  1417 | D:2      | Reached XP level 4. HP: 39/41 MP: 3/3
  1421 | D:2      | Reached skill level 5 in Axes
  2540 | D:3      | Reached XP level 5. HP: 47/47 MP: 4/4
  2592 | D:3      | Noticed p0werm0de's ghost (weakling DsEn)
  2596 | D:3      | Killed p0werm0de's ghost
  2597 | D:3      | Noticed Natasha
  2603 | D:3      | Killed Natasha
  2604 | D:3      | Reached *** piety under Trog
  2663 | D:3      | Reached skill level 6 in Axes
  2855 | D:3      | Reached skill level 5 in Fighting
  2999 | D:3      | Noticed Natasha
  3000 | D:3      | Killed Natasha
  3170 | D:4      | Found a radiant altar of Vehumet.
  3171 | D:4      | Noticed an ogre
  3174 | D:4      | Reached XP level 6. HP: 49/56 MP: 5/5
  3187 | D:4      | Reached skill level 7 in Axes
  3305 | D:4      | Found a snail-covered altar of Cheibriados.
  3324 | D:4      | Reached XP level 7. HP: 62/62 MP: 6/6
  3523 | D:4      | Reached **** piety under Trog
  3533 | D:4      | Reached skill level 5 in Armour
  4042 | D:4      | Reached skill level 8 in Axes
  4131 | D:5      | Entered Level 5 of the Dungeon
  4211 | D:5      | Found a shimmering altar of Xom.
  4211 | D:5      | Noticed Eustachio
  4233 | D:5      | Killed Eustachio
  4546 | D:5      | Found a staircase to the Ecumenical Temple.
  4626 | D:5      | Found a sparkling altar of Nemelex Xobeh.
  4637 | D:5      | Reached XP level 8. HP: 59/71 MP: 7/7
  5113 | D:5      | Reached skill level 9 in Axes
  5365 | D:5      | Found a burning altar of Makhleb.
  5510 | D:6      | Found an opulent altar of Gozag.
  5524 | D:6      | Noticed Prince Ribbit
  5536 | D:6      | Killed Prince Ribbit
  5762 | D:6      | Reached skill level 10 in Axes
  5940 | D:6      | Reached ***** piety under Trog
  6073 | D:6      | Noticed Blork the orc
  6080 | D:6      | Killed Blork the orc
  6903 | D:6      | Reached XP level 9. HP: 76/81 MP: 8/8
  6975 | D:7      | Found a transporter.
  7017 | D:7      | Paralysed by fainting for 10 turns
  7147 | D:7      | Reached skill level 11 in Axes
  7563 | D:7      | Found a hide-covered altar of Uskayaw.
  7563 | D:7      | Noticed a manticore
  7564 | D:7      | Noticed a deep elf mage
  7569 | D:7      | Noticed a two-headed ogre
  7578 | D:7      | Killed a two-headed ogre
  7578 | D:7      | Reached skill level 12 in Axes
  7594 | D:7      | Found a sacrificial altar of Ru.
  7898 | D:7      | Found a transporter.
  8286 | D:8      | Identified the Handbook of Supportive Shape Shifting
  8347 | D:8      | Reached XP level 10. HP: 77/91 MP: 9/9
  8438 | D:8      | Found Firel's Antique Weapon Emporium.
  8443 | D:8      | Bought an ancient battleaxe for 356 gold pieces
  8443 | D:8      | Identified the +8 battleaxe "Pomeytra" {flame, *Slow rPois rF+ SInv} (You bought it in a shop on level 8 of the Dungeon)
  8676 | D:8      | Noticed Psyche
  8683 | D:8      | Killed Psyche
  9087 | D:9      | Noticed a two-headed ogre
  9095 | D:9      | Killed a two-headed ogre
  9095 | D:9      | Reached skill level 10 in Fighting
  9095 | D:9      | Reached skill level 13 in Axes
  9102 | D:9      | Received a gift from Trog
  9486 | D:9      | Found a staircase to the Lair.
  9537 | D:9      | Found a staircase to the Orcish Mines.
  9881 | Lair:1   | Entered Level 1 of the Lair of Beasts
 10246 | Lair:1   | Reached skill level 10 in Armour
 10286 | Lair:1   | Noticed a six-headed hydra
 10305 | Lair:1   | Killed a six-headed hydra
 10786 | Lair:1   | Noticed a spiny frog
 10794 | Lair:1   | Killed a spiny frog
 10794 | Lair:1   | Reached skill level 14 in Axes
 11045 | Lair:1   | Reached XP level 11. HP: 18/101 MP: 10/10
 11473 | Lair:1   | Slain by a molten gargoyle

Vault maps used:
D:1:      ldierk_water_garden, st_stairs_10
D:2:      serial_forest, infiniplex_forest_end_2, infiniplex_forest_fountain,
          infiniplex_forest_clump_large, infiniplex_forest_lined_room_3,
          infiniplex_forest_straight_2, infiniplex_forest_clump_small,
          infiniplex_forest_lined_3
D:3:      uniq_natasha
D:4:      vehumet_crystals, lemuel_round_altar, first_bread, goddamned_bats
D:5:      kennysheep_little_box, lemuel_crystal_altar,
          overflow_temple_1_default, minmay_temple_entry_purple_smoke,
          uniq_eustachio
D:6:      lemuel_tele_altar, uniq_blork_the_orc, uniq_prince_ribbit1
D:7:      nicolae_ru_awakened_eye, gammafunk_temple_overflow_arena, the_bakery
D:8:      serial_shops, shop_statue, uniq_psyche
D:9:      lemuel_troll_bridge, minmay_lair_entry_lava
Lair:1:   nicolae_quartered_pool_super, beast_lair_carwin_4

Skill      XL: |  1  2  3  4  5  6  7  8  9 10 11 |
---------------+----------------------------------+-----
Axes           | 4 5 6 7 8 10 12 14 | 14.5
Fighting       | 4 5 6 8 9 10 11 | 11.0
Armour         | 3 4 5 7 9 10 | 10.6
Dodging        | |  2.1

Action                   |  1- 3 |  4- 6 |  7- 9 | 10-12 || total
-------------------------+-------+-------+-------+-------++-------
Melee: Hand axe          |    97 |   109 |   212 |       ||   418
       Headbutt          |    13 |    18 |    71 |    35 ||   137
       Whip              |       |       |    26 |       ||    26
       War axe           |       |       |    90 |   183 ||   273
Invok: Berserk           |       |     4 |     5 |     2 ||    11
       Burn Spellbooks   |       |       |     1 |     1 ||     2
       Trog's Hand       |       |       |       |     2 ||     2
       Brothers in Arms  |       |       |       |     2 ||     2
  Use: Scroll            |       |    15 |     1 |     8 ||    24
       Potion            |       |       |       |     2 ||     2
 Stab: Sleeping          |     1 |       |       |       ||     1
  Eat: Chunk             |     2 |     8 |    15 |     5 ||    30
       Bread ration      |       |       |     2 |     2 ||     4
Armor: Animal skin       |     9 |       |       |       ||     9
       Ring mail         |     7 |    35 |   120 |    41 ||   203
Dodge: Dodged            |    67 |    63 |   193 |   119 ||   442
